 Dungeon Crawl Stone Soup version 0.20.0-15-g7f486f2 (webtiles) character file.

28072 Hasart the Bewitcher (level 13, -5/55 HPs)
             Began as a Spriggan Enchanter on June 9, 2017.
             Was an Initiate of Gozag.
             Slain by a death yak (20 damage)
             ... on level 3 of the Lair of Beasts.
             The game lasted 00:50:53 (16505 turns).

Hasart the Bewitcher (Spriggan Enchanter)          Turns: 16505, Time: 00:50:56

Health: -5/55      AC:  5    Str:  4    XL:     13   Next: 7%
Magic:  5/29       EV: 28    Int: 23    God:    Gozag
Gold:   583        SH:  0    Dex: 17    Spells: 15/35 levels left

rFire    + . .     SeeInvis +   g - +6 dagger "Bewiuwel" {vamp, rElec rC+}
rCold    + . .     Gourm    .   (shield restricted)
rNeg     . . .     Faith    .   b - +0 robe
rPois    .         Spirit   .   G - +0 hat
rElec    +         Reflect  .   L - +2 cloak {MR+}
rCorr    .         Harm     .   (gloves unavailable)
MR       +++..                  (boots unavailable)
Stlth    ++++++....             P - amulet of magic regeneration
Regen    0.2/turn               l - ring of protection from fire
MPRegen  0.4/turn               y - ring of wizardry

@: gold aura, very quick
A: unfitting armour, see invisible, clever 1, herbivore 3, speed 3, slow
metabolism 2
a: Potion Petition, Call Merchant, Bribe Branch, Renounce Religion


You were on level 3 of the Lair of Beasts.
You worshipped Gozag.
Gozag was pleased with you.
You were not hungry.

You visited 3 branches of the dungeon, and saw 17 of its levels.
You also visited: Volcano.

You collected 2753 gold pieces.
You spent 650 gold pieces at shops.
You paid 1520 gold pieces to Gozag.

Inventory:

Hand Weapons
 a - a +0 rapier of piercing
 g - the +6 dagger "Bewiuwel" (weapon) {vamp, rElec rC+}
   (You found it on level 4 of the Dungeon)

   It inflicts no extra harm, but heals its wielder when it wounds a living foe.
   It protects you from cold.
   It insulates you from electricity.
 D - the +4 Vampire's Tooth {vamp}
   (You found it on level 6 of the Dungeon)

   It inflicts no extra harm, but heals its wielder when it wounds a living foe.
Armour
 b - a +0 robe (worn)
 m - +0 fire dragon scales
 G - a +0 hat (worn)
 L - a +2 cloak of magic resistance (worn)
 U - the +2 ratskin cloak {+Rats rPois rN+ Str-1 Int-1 Dex+1}
   (You found it on level 2 of the Lair of Beasts)

   It affects your strength (-1).
   It affects your intelligence (-1).
   It affects your dexterity (+1).
   It protects you from poison.
   It protects you from negative energy.
Magical Staves
 M - an uncursed staff of poison {unknown}
Jewellery
 f - an uncursed ring of protection from cold
 l - a ring of protection from fire (left hand)
 w - a +3 ring of intelligence
 y - a ring of wizardry (right hand)
 H - a cursed ring of teleportation {unknown}
 P - an amulet of magic regeneration (around neck)
 S - a cursed -4 ring of slaying {unknown}
Wands
 z - a wand of iceblast (1/15)
 J - a wand of clouds (4/9)
 K - a wand of disintegration (15/24)
 Q - a wand of acid (4/15)
 Z - a wand of digging (12/24)
Scrolls
 e - 12 scrolls of identify
 k - 3 scrolls of recharging
 q - a scroll of magic mapping
 t - 2 scrolls of amnesia
 v - 9 scrolls of teleportation
 E - 3 scrolls of remove curse
 R - 5 scrolls of blinking
Potions
 h - 2 potions of brilliance
 i - 5 potions of curing
 j - 2 potions of mutation
 n - 4 potions of heal wounds
 o - 2 potions of haste
 r - 2 potions of flight
 s - 2 potions of might
 A - 3 potions of berserk rage
 I - 2 potions of agility
Books
 c - a book of Maledictions

   Spells                             Type                      Level
   a - Corona                         Hexes                        1
   b - Ensorcelled Hibernation        Hexes/Ice                    2
   c - Confuse                        Hexes                        3
   d - Tukima's Dance                 Hexes                        3
   e - Dazzling Spray                 Conjuration/Hexes            3
 T - a book of Debilitation

   Spells                             Type                      Level
   a - Corona                         Hexes                        1
   b - Slow                           Hexes                        2
   c - Inner Flame                    Hexes/Fire                   3
   d - Portal Projectile              Hexes/Translocation          3
   e - Cause Fear                     Hexes                        4
   f - Leda's Liquefaction            Hexes/Earth                  4
 V - a book of Enchantments

   Spells                             Type                      Level
   a - Cause Fear                     Hexes                        4
   b - Yara's Violent Unravelling     Hexes/Transmutation          5
   c - Silence                        Hexes/Air                    5
   d - Deflect Missiles               Charms/Air                   6
   e - Discord                        Hexes                        8
 X - a book of Flames

   Spells                             Type                      Level
   a - Flame Tongue                   Conjuration/Fire             1
   b - Throw Flame                    Conjuration/Fire             2
   c - Conjure Flame                  Conjuration/Fire             3
   d - Inner Flame                    Hexes/Fire                   3
   e - Sticky Flame                   Conjuration/Fire             4
   f - Fireball                       Conjuration/Fire             5
Miscellaneous
 Y - a sack of spiders
Comestibles
 d - 11 bread rations
 u - 13 royal jellies
 B - 10 fruits


   Skills:
 + Level 9.6 Short Blades
 + Level 12.7 Dodging
 + Level 13.6 Stealth
 + Level 11.7 Spellcasting
 * Level 15.5 Hexes


You had 15 spell levels left.
You knew the following spells:

 Your Spells              Type           Power        Failure   Level  Hunger
a - Confuse               Hex            ######..     0%          3    None
b - Dazzling Spray        Conj/Hex       #####.       1%          3    None
c - Ensorcelled Hibernat  Hex/Ice        #####.       1%          2    None
d - Cause Fear            Hex            ######....   1%          4    None
e - Discord               Hex            ######....   21%         8    #######


Dungeon Overview and Level Annotations

Branches:
Dungeon (13/15)            Temple (1/1) D:6            Lair (3/6) D:11
    Orc (0/2) D:11
  Swamp: Lair:2-4    Shoals: Lair:2-4     Snake: Lair:2-4    Spider: Lair:2-4
 Vaults: D:13-14

Altars:
Ashenzari
Cheibriados
Elyvilon
Fedhas
Gozag
Hepliaklqana
Kikubaaqudgha
Makhleb
Nemelex Xobeh
Okawaru
Qazlal
Ru
Sif Muna
Trog
Uskayaw
Vehumet
Yredelemnul
Zin
The Shining One

Shops:
D:7 [:[[[   D:9 *   D:11 *   Lair:2 (:


Innate Abilities, Weirdness & Mutations

You are very small and have problems with some larger weapons.
You are too small for most types of armour.
You have supernaturally acute eyesight. (SInv)
You are a herbivore.
You cover ground extremely quickly.
You need consume almost no food.
Your mind is acute. (Int +2)


Message History

The death yak closely misses you. The death yak gores you.
The death yak misses you.
Unknown command.
You barely miss the death yak.
The death yak is moderately wounded.
The death yak barely misses you. The death yak gores you!!
You hit the death yak.
You feel better.
The death yak is moderately wounded.
The death yak misses you. x2; The death yak barely misses you.
You hit the death yak.
The death yak is moderately wounded.
You strike the helpless death yak from behind!
You skewer the death yak like a kebab!!!
You feel better.
The death yak is almost dead.
The death yak barely misses you. The death yak gores you!!
* * * LOW HITPOINT WARNING * * *
The death yak gores you!!
You die...
Your body crumbles into a pile of gold.

.....##..##≈≈≈##### ##
#....##.....≈≈≈≈≈≈≈≈≈
#.....#.....P≈≈≈≈≈≈≈
#....#.......≈....P#
.....##.....##....# ##... . ....
#.....##....# #....P ....
#P.##.##....## ## ##...#.
....###.#.#...Y...##.#.##.....
..............Y@...?.........###
..............Y.$............#P#
...........$<...............$...
Y..........................Y....
#...............................
#.....+#..##.........P..........
#..###.#.P##.....##.P..##P.....P
#..###...P##.....######.##.Y.PP#
........###....+........##Y..##


You could see 3 death yaks.

Vanquished Creatures
  Gastronok (D:10)
  The ghost of Paps the Basher, a journeyman TrFi of Okawaru (D:11)
  A centaur warrior (D:13)
  5 two-headed ogres
  An ogre mage (Volcano)
  3 death yaks (Lair:3)
  An unseen horror (D:12)
  Pikel (D:6)
  2 cyclopes
  An ugly thing (D:12)
  2 manticores (D:12)
  Maurice (D:9)
  2 molten gargoyles (Volcano)
  4 spiny frogs
  A black mamba (Lair:3)
  2 rime drakes
  3 meliai (D:10)
  A troll (D:11)
  3 slime creatures (D:12)
  Prince Ribbit (D:6)
  3 blink frogs (Lair:3)
  A hippogriff (D:7)
  A wraith (D:10)
  A vampire (D:11)
  2 fire bats (Volcano)
  A wyvern (D:10)
  27 yaks
  A hungry ghost (D:11)
  Grum (D:8)
  A basilisk (Lair:1)
  The ghost of ThereIsNoGod the Cudgeler, an amateur GrFi of Trog (D:4)
  2 soldier ants (D:8)
  2 hell hounds (D:11)
  A slave (D:6)
  A porcupine (Lair:1)
  An orc warrior (D:13)
  3 water moccasins (Lair:1)
  2 ice beasts
  4 sky beasts
  A necrophage (D:7)
  3 phantoms
  An eye of draining (D:12)
  9 wolves
  5 centaurs
  2 ogres
  7 crocodiles
  A big kobold (D:10)
  12 bullfrogs
  A wyvern skeleton (D:8)
  4 scorpions
  3 killer bees (D:10)
  2 vampire bats (D:6)
  7 wights
  3 lava snakes (Volcano)
  4 crimson imps
  A bullfrog zombie (D:13)
  6 orc wizards
  8 hounds
  2 orc priests
  3 bullfrog skeletons
  A centaur skeleton (D:10)
  Terence (D:2)
  5 iguanas
  11 worker ants
  A hound zombie (D:11)
  A hound skeleton (D:9)
  A worker ant zombie (D:10)
  4 gnolls (D:9)
  10 adders
  4 shadow imps
  2 oozes (D:2)
  An adder zombie (D:8)
  2 adder skeletons
  4 worms
  A dart slug (D:1)
  2 leopard geckos
  21 orcs
  8 giant cockroaches
  7 goblins
  7 hobgoblins
  10 jackals
  10 kobolds
  6 quokkas
  A ball python (D:5)
  12 bats
  4 frilled lizards
  A leopard gecko skeleton (D:5)
  2 leopard gecko zombies
  A quokka skeleton (D:7)
  3 rats
322 creatures vanquished.

Vanquished Creatures (others)
  Joseph (D:10)
  A slave (D:6)
  A fungus (Lair:3)
  A plant (Lair:3)
4 creatures vanquished.

Grand Total: 326 creatures vanquished

Notes
Turn   | Place    | Note
-------+----------+-------------------------------------------
     0 | D:1      | Hasart the Spriggan Enchanter began the quest for the Orb.
     0 | D:1      | Reached XP level 1. HP: 9/9 MP: 5/5
   383 | D:1      | Reached skill level 4 in Hexes
   637 | D:1      | Reached XP level 2. HP: 13/13 MP: 6/6
   641 | D:1      | Learned a level 2 spell: Ensorcelled Hibernation
  1300 | D:2      | Reached XP level 3. HP: 3/16 MP: 0/8
  1624 | D:2      | Learned a level 3 spell: Confuse
  1811 | D:2      | Reached skill level 5 in Hexes
  1952 | D:2      | Reached XP level 4. HP: 16/21 MP: 1/10
  2122 | D:2      | Found a hazy altar of Hepliaklqana.
  2130 | D:2      | Found an ancient bone altar of Kikubaaqudgha.
  2130 | D:2      | Found a snail-covered altar of Cheibriados.
  2156 | D:2      | Noticed Terence
  2167 | D:2      | Killed Terence
  2413 | D:3      | Noticed a phantom
  2426 | D:3      | Killed a phantom
  2426 | D:3      | Reached skill level 6 in Hexes
  2426 | D:3      | Reached XP level 5. HP: 24/24 MP: 3/12
  3365 | D:4      | Noticed ThereIsNoGod's ghost (amateur GrFi)
  3380 | D:4      | Killed ThereIsNoGod's ghost
  3380 | D:4      | Reached skill level 5 in Spellcasting
  3380 | D:4      | Reached skill level 7 in Hexes
  3380 | D:4      | Reached XP level 6. HP: 28/28 MP: 11/14
  3394 | D:4      | Found a burning altar of Makhleb.
  4127 | D:4      | Gained mutation: You have sharp toenails. [potion of mutation]
  4127 | D:4      | Gained mutation: Your spells are a little harder to cast, but a little more powerful. [potion of mutation]
  4127 | D:4      | Gained mutation: You are resistant to hostile enchantments. (MR+) [potion of mutation]
  4298 | D:4      | Got a smoking dagger
  4300 | D:4      | Identified the +6 dagger "Bewiuwel" {vamp, rElec rC+} (You found it on level 4 of the Dungeon)
  4609 | D:5      | Entered Level 5 of the Dungeon
  4651 | D:5      | Reached skill level 8 in Hexes
  4651 | D:5      | Reached XP level 7. HP: 32/32 MP: 13/16
  4965 | D:5      | Reached skill level 5 in Stealth
  5591 | D:6      | Found a staircase to the Ecumenical Temple.
  5670 | D:6      | Noticed Prince Ribbit
  5699 | D:6      | Killed Prince Ribbit
  5699 | D:6      | Reached skill level 9 in Hexes
  5699 | D:6      | Reached XP level 8. HP: 36/36 MP: 16/18
  5758 | D:7      | Found Holut's Antique Armour Shoppe.
  5766 | D:7      | Found Limef's Antique Armour Emporium.
  5805 | D:7      | Found Guwnetei's Armour Boutique.
  5906 | D:7      | Found Xifoew's Book Shop.
  5930 | D:7      | Reached skill level 5 in Dodging
  6040 | D:7      | Noticed a hippogriff
  6056 | D:7      | Killed a hippogriff
  6170 | D:7      | Found Sireim's Armour Emporium.
  6229 | Temple   | Entered the Ecumenical Temple
  6254 | Temple   | Became a worshipper of Gozag Ym Sagoz the Greedy
  6505 | D:6      | Noticed Pikel
  6541 | D:6      | Killed Pikel
  6541 | D:6      | Reached skill level 10 in Hexes
  6541 | D:6      | Reached XP level 9. HP: 32/39 MP: 12/20
  7161 | D:8      | Learned a level 3 spell: Dazzling Spray
  7161 | D:8      | Noticed Grum
  7202 | D:8      | Killed Grum
  7317 | D:8      | Reached skill level 5 in Short Blades
  7495 | D:8      | Reached skill level 11 in Hexes
  7973 | D:8      | Found a bloodstained altar of Trog.
  8296 | D:9      | Found a burning altar of Makhleb.
  8337 | D:9      | Noticed a two-headed ogre
  8346 | D:9      | Killed a two-headed ogre
  8346 | D:9      | Reached XP level 10. HP: 44/44 MP: 18/23
  8454 | D:9      | Found Pusemnig's General Store.
  8918 | D:9      | Found a bloodstained altar of Trog.
  8961 | D:9      | Found a white marble altar of Elyvilon.
  8962 | D:9      | Noticed Maurice
  8967 | D:9      | Killed Maurice
  8967 | D:9      | Reached skill level 12 in Hexes
  9161 | D:10     | Entered Level 10 of the Dungeon
  9258 | D:10     | Noticed Joseph
  9333 | D:10     | Killed Joseph
  9333 | D:10     | Reached skill level 10 in Stealth
  9650 | D:10     | Noticed Gastronok
  9672 | D:10     | Killed Gastronok
  9672 | D:10     | Reached XP level 11. HP: 47/47 MP: 23/25
  9956 | D:10     | Reached skill level 10 in Dodging
  9956 | D:10     | Reached skill level 13 in Hexes
 11035 | D:11     | Found a staircase to the Lair.
 11052 | Lair:1   | Entered Level 1 of the Lair of Beasts
 11144 | Lair:1   | Reached skill level 10 in Spellcasting
 12111 | Lair:2   | Learned a level 4 spell: Cause Fear
 12425 | D:7      | Bought a book of Enchantments for 650 gold pieces
 12434 | D:7      | Learned a level 8 spell: Discord
 12633 | D:11     | Found a staircase to the Orcish Mines.
 13003 | D:11     | Noticed Paps's ghost (journeyman TrFi)
 13047 | D:11     | Killed Paps's ghost
 13047 | D:11     | Reached skill level 14 in Hexes
 13158 | D:11     | Found Xoug's Elemental Accessories.
 13308 | D:12     | Reached XP level 12. HP: 51/51 MP: 27/27
 14171 | D:13     | Noticed a catoblepas
 14217 | D:13     | Noticed a centaur warrior
 14224 | D:13     | Killed a centaur warrior
 15217 | Lair:3   | Noticed a death yak
 15220 | Lair:3   | Noticed a death yak
 15220 | Lair:3   | Noticed a death yak
 15223 | Lair:3   | Noticed a death yak
 15224 | Lair:3   | Killed a death yak
 15246 | Lair:3   | Gained mutation: You are dopey. (Int -2) [mutagenic glow]
 15250 | Lair:3   | Lost mutation: Your spells are a little harder to cast, but a little more powerful. [potion of mutation]
 15250 | Lair:3   | Lost mutation: You are dopey. (Int -2) [potion of mutation]
 15250 | Lair:3   | Lost mutation: You are resistant to hostile enchantments. (MR+) [potion of mutation]
 15250 | Lair:3   | Lost mutation: You have sharp toenails. [potion of mutation]
 15250 | Lair:3   | Gained mutation: Your mind is acute. (Int +2) [potion of mutation]
 15255 | Lair:3   | Reached skill level 15 in Hexes
 15266 | Lair:3   | Noticed a death yak
 15272 | Lair:3   | Noticed a death yak
 15272 | Lair:3   | Noticed a death yak
 15324 | Lair:3   | Noticed a death yak
 15325 | Lair:3   | Noticed a death yak
 15326 | Lair:3   | Noticed a death yak
 15351 | Lair:3   | Found a dark tunnel.
 15360 | Volcano  | Entered a volcano
 15757 | Volcano  | Found a bloodstained altar of Trog.
 15757 | Volcano  | Noticed a two-headed ogre
 15757 | Volcano  | Noticed an ogre mage
 15757 | Volcano  | Noticed a two-headed ogre
 15757 | Volcano  | Noticed a two-headed ogre
 15767 | Volcano  | Killed a two-headed ogre
 15779 | Volcano  | Killed a two-headed ogre
 15891 | Volcano  | Killed an ogre mage
 15958 | Volcano  | Noticed a two-headed ogre
 15967 | Volcano  | Killed a two-headed ogre
 15980 | Volcano  | Killed a two-headed ogre
 16059 | Volcano  | Noticed a red draconian
 16387 | Lair:3   | Reached XP level 13. HP: 55/55 MP: 25/29
 16505 | Lair:3   | Slain by a death yak

Skill      XL: |  1  2  3  4  5  6  7  8  9 10 11 12 |
---------------+-------------------------------------+-----
Hexes          | 4 5 6 7 8 9 10 11 12 14 15 | 15.5
Spellcasting   | 3 4 5 6 7 8 9 10 11 | 11.7
Short Blades   | 2 4 5 6 8 9 |  9.6
Stealth        | 5 7 9 10 12 13 | 13.6
Dodging        | 4 6 8 9 11 12 | 12.7

Action                   |  1- 3 |  4- 6 |  7- 9 | 10-12 | 13-15 || total
-------------------------+-------+-------+-------+-------+-------++-------
Melee: Dagger            |    99 |   255 |   260 |   604 |    26 ||  1244
       Kick              |       |    10 |    52 |   127 |       ||   189
       Rapier            |       |       |       |     1 |       ||     1
 Cast: Corona            |     5 |       |       |       |       ||     5
       Ensorcelled Hiber |    11 |       |       |       |       ||    11
       Confuse           |     8 |    19 |    38 |   141 |     1 ||   207
       Dazzling Spray    |       |       |       |    22 |    11 ||    33
       Discord           |       |       |       |     1 |       ||     1
Invok: Call Merchant     |       |       |       |     2 |       ||     2
  Use: Scroll            |       |    14 |       |     2 |       ||    16
       Potion            |       |     6 |       |     6 |       ||    12
 Stab: Sleeping          |    13 |     6 |    20 |    38 |       ||    77
       Confused          |     3 |    22 |    36 |    93 |     1 ||   155
       Distracted        |     1 |     1 |     1 |     3 |       ||     6
       Invisible         |       |       |       |       |     5 ||     5
  Eat: Fruit             |       |     4 |       |     6 |       ||    10
       Royal jelly       |       |     1 |       |     1 |       ||     2
       Bread ration      |       |     1 |       |     1 |       ||     2
Armor: Robe              |     6 |    16 |     8 |    14 |       ||    44
Dodge: Dodged            |    71 |   174 |   136 |   318 |    31 ||   730
